 Dungeon Crawl Stone Soup version 0.29-a0-495-g17b79114eb (webtiles) character file.

Game seed: 1164767393552706732

23563 pokeman the Eclecticist (level 12, -3/68 HPs)
             Began as a Deep Elf Hedge Wizard on May 27, 2022.
             Was an Elder of Vehumet.
             Slain by a minotaur
             ... wielding a staff of cold
              (13 damage)
             ... in a Gauntlet.
             The game lasted 01:03:00 (16950 turns).

pokeman the Eclecticist (Deep Elf Hedge Wizard)    Turns: 16950, Time: 01:03:00

Health: -3/68      AC: 13    Str:  9    XL:     12   Next: 72%
Magic:  24/35      EV: 16    Int: 36    God:    Vehumet [****..]
Gold:   626        SH:  5    Dex: 18    Spells: 22/46 levels left

rFire   . . .      SeeInvis .   M - +2 dagger (venom)
rCold   . . .      Faith    .   (no shield)
rNeg    + + .      Spirit   .   G - +0 acid dragon scales
rPois   +          Reflect  +   A - +0 helmet
rElec   .          Harm     .   p - +2 ratskin cloak {*Rats rPois rN+ Str-1 Int-1 Dex+1}
rCorr   +          Rampage  .   (no gloves)
Will    ++...      NoTele   +   j - +0 pair of boots
Stlth   ++........              K - amulet "Cuedejir" {Reflect *Slow rN+ Str+3 Int+3 SH+5}
HPRegen 0.21/turn               L - ring "Giniful" {*Corrode Fly EV+4 Int+3}
MPRegen 0.24/turn               N - ring of Unlinomo {+Blink rPois Will+ Int+6 Dex+3}

@: flying
A: no striking features
a: Renounce Religion, Evoke Blink


You were in a Gauntlet.
You worshipped Vehumet.
Vehumet was greatly pleased with you.
You visited 2 branches of the dungeon, and saw 14 of its levels.
You also visited: Bailey and Gauntlet.

You collected 694 gold pieces.
You spent 68 gold pieces at shops.

Inventory:

Hand Weapons
 s - a +2 quarterstaff of chaos
 H - a +1 triple crossbow of flaming
 M - a +2 dagger of venom (weapon)
Missiles
 C - 5 throwing nets
Armour
 e - a +1 leather armour of cold resistance
 j - a +0 pair of boots (worn)
 p - the +2 ratskin cloak (worn) {*Rats rPois rN+ Str-1 Int-1 Dex+1}
   (You found it on level 2 of the Dungeon)

   When the wearer is hurt, rats may emerge from it to assist them.
   Str:       It affects your strength (-1).
   Int:       It affects your intelligence (-1).
   Dex:       It affects your dexterity (+1).
   rPois:     It protects you from poison.
   rN:        It protects you from negative energy.
 A - a +0 helmet (worn)
 G - +0 acid dragon scales (worn)
Jewellery
 b - an amulet of the acrobat
 u - the ring "Ytoasuti" {Dex+6 Slay+2}
   (You found it on level 8 of the Dungeon)

   [ring of dexterity]

   Dex:       It affects your dexterity (+6).
   Slay:      It affects your accuracy & damage with ranged weapons and melee
   (+2).
 D - an amulet of regeneration
 K - the amulet "Cuedejir" (around neck) {Reflect *Slow rN+ Str+3 Int+3 SH+5}
   (You found it on level 8 of the Dungeon)

   [amulet of reflection]

   It reflects blocked missile attacks.
   Str:       It affects your strength (+3).
   Int:       It affects your intelligence (+3).
   rN:        It protects you from negative energy.
   *Slow:     It may slow you when you take damage.
   SH:        It affects your SH (+5).
 L - the ring "Giniful" (left hand) {*Corrode Fly EV+4 Int+3}
   (You took it off an orc wizard on level 8 of the Dungeon)

   [ring of evasion]

   EV:        It affects your evasion (+4).
   Int:       It affects your intelligence (+3).
   Fly:       It grants you flight.
   *Corrode:  It may corrode you when you take damage.
 N - the ring of Unlinomo (right hand) {+Blink rPois Will+ Int+6 Dex+3}
   (You found it on level 8 of the Dungeon)

   [ring of intelligence]

   Int:       It affects your intelligence (+6).
   Dex:       It affects your dexterity (+3).
   rPois:     It protects you from poison.
   +Blink:    It lets you blink.
   Will:      It increases your willpower.
 P - a ring of see invisible
 Q - a ring of magical power
Wands
 E - a wand of digging (8)
Scrolls
 c - a scroll of brand weapon
 g - 5 scrolls of immolation
 h - 6 scrolls of teleportation
 o - 5 scrolls of poison
 r - 2 scrolls of silence
 t - a scroll of enchant armour
 v - 3 scrolls of amnesia
 w - 2 scrolls of enchant weapon
 y - a scroll of fear
 I - 2 scrolls of blinking
Potions
 a - 4 potions of flight
 d - 2 potions of magic
 f - 4 potions of curing
 i - 2 potions of berserk rage
 k - 2 potions of resistance
 l - 2 potions of attraction
 m - 6 potions of invisibility
 n - 3 potions of might
 q - a potion of ambrosia
 x - 2 potions of degeneration {unknown}
 z - 2 potions of brilliance
 B - a potion of heal wounds {unknown}
 J - 2 potions of mutation
 O - 2 potions of lignification {unknown}


   Skills:
 - Level 5.0 Fighting
 + Level 5.7 Armour
 - Level 3.0 Dodging
 - Level 3.1 Stealth
 * Level 17.7 Spellcasting
 + Level 11.3 Conjurations
 - Level 1.1 Summonings
 - Level 1.1 Translocations
 + Level 10.0 Fire Magic
 - Level 1.0 Air Magic
 - Level 1.1 Earth Magic
 - Level 1.0 Poison Magic
 - Level 1.0 Evocations


You had 22 spell levels left.
You knew the following spells:

 Your Spells              Type           Power      Damage    Failure   Level
a - Magic Dart            Conj           100%       1d8       0%          1
b - Mephitic Cloud        Conj/Pois/Air  59%        N/A       1%          3
c - Call Imp              Summ           39%        N/A       1%          2
d - Blink                 Tloc           78%        N/A       1%          2
e - Conjure Flame         Conj/Fire      83%        6-21      1%          3
f - Foxfire               Conj/Fire      100%       2x1d9     0%          1
g - Flame Wave            Conj/Fire      83%        2d14      1%          4
h - Lee's Rapid Deconstr  Erth           19%        3d12*     8%          5
i - Swiftness             Air            39%        N/A       3%          3

Your spell library contained the following spells:

 Spells                   Type           Power      Damage    Failure   Level
 Apportation              Tloc           78%        N/A       1%          1
 Necrotize                Necr           100%       1d9       1%          1
 Slow                     Hex            100%       N/A       1%          1
 Passwall                 Tmut/Erth      29%        N/A       1%          2
 Poisonous Vapours        Pois/Air       78%        N/A       1%          2
 Ensorcelled Hibernation  Hex/Ice        62%        N/A       2%          2
 Gell's Gravitas          Tloc           39%        N/A       3%          3
 Lesser Beckoning         Tloc           39%        N/A       3%          3
 Teleport Other           Tloc           39%        N/A       3%          3
 Ozocubu's Armour         Ice            31%        N/A       4%          3
 Vampiric Draining        Necr           31%        2d8       4%          3
 Corpse Rot               Necr/Pois/Air  37%        N/A       12%         4
 Animate Dead             Necr           31%        N/A       16%         4
 Alistair's Intoxication  Tmut/Pois      23%        N/A       36%         5
 Borgnjor's Vile Clutch   Necr/Erth      17%        N/A       36%         5
 Agony                    Necr           31%        N/A       41%         5
 Metabolic Englaciation   Hex/Ice        15%        N/A       41%         5
 Death Channel            Necr           15%        N/A       94%         6
 Simulacrum               Ice/Necr       15%        N/A       94%         6


Dungeon Overview and Level Annotations

Branches:
Dungeon (14/15)            Temple (1/1) D:7             Orc (0/2) D:10
 Bailey (visited)         Gauntlet (1/1)
   Lair: D:8-11      Vaults: D:13-14

Altars:
Ashenzari
Cheibriados
Dithmenos
Elyvilon
Fedhas
Gozag
Hepliaklqana
Kikubaaqudgha
Makhleb
Nemelex Xobeh
Okawaru
Qazlal
Ru
Sif Muna
Trog
Uskayaw
Vehumet
Wu Jian
Xom
The Shining One

Shops:
D:2 [[**   D:5 !

Portals:
Trove: D:10 (show abyssal rune of Zot)

Annotations:
D:14 Nessos Gauntlet 10 transporters


Message History

Press: ? - help, Shift-Dir - straight line, f/p - minotaur
Aim: a minotaur, wielding a staff of cold, wearing a +2 chain mail of cold resistance and quivering javelins (chance to affect: 34%)
The ball explodes into a vile cloud!
The stinking cloud engulfs the minotaur but does no damage.
The minotaur is engulfed in noxious fumes.
Unknown command.
Unknown command.
Unknown command.
Casting: Mephitic Cloud (safe; 1% risk of failure)
Confirm with . or Enter, or press ? or * to list all spells.
Casting: Flame Wave (safe; 1% risk of failure)
Press: ? - help, Dir - look around, f - activate A wave of flame ripples out!
The flame wave engulfs the minotaur!
The minotaur is lightly wounded. (Press . to intensify the flame waves.)
The minotaur is engulfed in blazing flames.
The minotaur hits you with a staff of cold!
The minotaur freezes you.
The minotaur gores you but does no damage.
Unknown command.
A wave of flame ripples out!
The flame wave engulfs the minotaur!
The minotaur is moderately wounded.
The minotaur is engulfed in blazing flames.
The minotaur barely misses you. The minotaur gores you.
Unknown command.
Unknown command.
A wave of flame ripples out!
The flame wave engulfs the minotaur.
The minotaur is moderately wounded.
The minotaur is engulfed in blazing flames.
You block the minotaur's attack. The minotaur gores you!
Unknown command.
A wave of flame ripples out!
The flame wave engulfs the minotaur!
The minotaur is heavily wounded.
You finish channelling waves of flame.
The minotaur is engulfed in blazing flames.
The minotaur hits you with a staff of cold!!
* * * LOW HITPOINT WARNING * * *
A river rat scurries out from under your cloak.
The minotaur freezes you!
You die...

#######.#########.##########
#≈...............≈# #8#
#8.8.8.8.8.8.8.8.8# ###
#≈...............§#
#####.###.###.#####
###.###.###.###
#.............#
#.###.###.###.#
#.....☼.H@.r..#
#######'####### #.# ∩..
...⌠+ +⌠H..# #..⌠.# ###+##


You could see a minotaur (ally target) and a friendly river rat.

Vanquished Creatures
  Harold (D:11)
  3 two-headed ogres
  A soul eater (Gauntlet)
  An orange crystal statue (Gauntlet)
  2 orc knights (Bailey)
  3 ugly things
  A cyclops (D:8)
  A centaur zombie (D:10)
  A centaur skeleton (D:13)
  An unseen horror zombie (D:10)
  2 gargoyles (D:11)
  Maggie (D:6)
  2 efreet
  A guardian mummy (D:10)
  A troll (D:9)
  Prince Ribbit (D:6)
  A slime creature (D:9)
  A meliai zombie (D:10)
  Sigmund (D:6)
  A shadow (D:13)
  10 flying skulls (Gauntlet)
  A wraith (D:14)
  2 wyverns (D:9)
  27 yaks
  Grum (D:10)
  2 steam dragons
  2 vampire mosquitoes (D:8)
  Edmund (D:5)
  3 wargs
  2 water moccasins
  5 black bears
  3 ice beasts
  9 orc warriors
  2 wolves (D:10)
  3 centaurs
  The ghost of hquester the Conjurer, an amateur GnCj (D:3)
  A phantom (D:6)
  4 kobold brigands
  3 bullfrogs
  4 scorpions
  5 necrophages
  6 wights (D:10)
  23 killer bees
  A howler monkey (D:8)
  A jelly (D:6)
  9 orc priests
  Crazy Yiuf (D:2)
  2 gnoll shamans
  2 hounds
  2 iguanas
  15 orc wizards
  8 gnolls
  10 adders
  2 shadow imps (Gauntlet)
  2 white imps
  A worm (D:2)
  2 dart slugs (D:1)
  66 orcs
  7 endoplasms
  A giant cockroach (D:3)
  10 goblins
  4 hobgoblins
  5 jackals
  4 quokkas
  4 ball pythons
  4 bats
  A frilled lizard (D:3)
  23 kobolds
  5 rats
  A spectral goblin (D:3)
340 creatures vanquished.

Vanquished Creatures (collateral kills)
  A slime creature (D:8)
  3 yaks
  A steam dragon (D:8)
  2 orc warriors
  A kobold brigand (D:9)
  A gnoll sergeant (D:8)
  A necrophage (D:5)
  2 killer bees
  A howler monkey (D:6)
  An iguana (D:4)
  5 gnolls
  An adder (D:2)
  An orc (Bailey)
  A kobold (D:9)
  A foxfire (D:10)
23 creatures vanquished.

Vanquished Creatures (others)
  781 foxfires
  7 fungi (D:8)
  11 plants
  5 withered plants (D:10)
804 creatures vanquished.

Grand Total: 1167 creatures vanquished

Notes
Turn   | Place    | Note
-------+----------+-------------------------------------------
     0 | D:1      | pokeman the Deep Elf Hedge Wizard began the quest for the
                  | Orb.
     0 | D:1      | Reached XP level 1. HP: 10/10 MP: 7/7
   488 | D:1      | Reached XP level 2. HP: 11/15 MP: 5/9
  1253 | D:2      | Found Anacseist's General Store.
  1256 | D:2      | Bought a scroll of identify for 26 gold pieces
  1357 | D:2      | Found Juamp's General Store.
  1541 | D:2      | Found Gabif's Armour Shop.
  1545 | D:2      | Reached skill level 5 in Spellcasting
  1587 | D:2      | Reached XP level 3. HP: 20/20 MP: 6/11
  1591 | D:2      | Learned a level 3 spell: Mephitic Cloud
  1594 | D:2      | Learned a level 2 spell: Call Imp
  1597 | D:2      | Learned a level 2 spell: Blink
  1601 | D:2      | Learned a level 3 spell: Conjure Flame
  1868 | D:2      | Found the +2 ratskin cloak {*Rats rPois rN+ Str-1 Int-1
                  | Dex+1}
  1890 | D:2      | Reached skill level 1 in Fighting
  1890 | D:2      | Reached skill level 1 in Armour
  2212 | D:2      | Found Cefumeaj's Antique Armour Shoppe.
  2488 | D:2      | Found a runed translucent door.
  2489 | D:2      | Noticed Crazy Yiuf
  2512 | D:2      | Killed Crazy Yiuf
  2513 | D:2      | Reached XP level 4. HP: 25/25 MP: 2/13
  2681 | D:3      | Found a runed translucent door.
  2681 | D:3      | Noticed hquester's ghost (amateur GnCj)
  2998 | D:3      | Reached skill level 1 in Fire Magic
  3123 | D:3      | Reached skill level 6 in Spellcasting
  3216 | D:3      | Reached XP level 5. HP: 29/29 MP: 11/15
  3367 | D:3      | Found a faded altar of an unknown god.
  3637 | D:4      | Reached skill level 1 in Air Magic
  3765 | D:4      | Reached XP level 6. HP: 32/34 MP: 10/17
  3858 | D:4      | Reached skill level 7 in Spellcasting
  3858 | D:4      | Reached skill level 1 in Poison Magic
  4028 | D:4      | Reached skill level 1 in Evocations
  4177 | D:4      | Reached XP level 7. HP: 28/38 MP: 3/20
  4515 | D:4      | Found a sparkling altar of Nemelex Xobeh.
  4822 | D:4      | Reached skill level 8 in Spellcasting
  5203 | D:5      | Entered Level 5 of the Dungeon
  5476 | D:5      | Noticed Edmund
  5490 | D:5      | Killed Edmund
  5599 | D:5      | Reached XP level 8. HP: 41/44 MP: 2/22
  5634 | D:5      | Reached skill level 9 in Spellcasting
  5943 | D:5      | Noticed a two-headed ogre
  5943 | D:5      | Found Qevoig's Distillery.
  6236 | D:5      | Killed a two-headed ogre
  6237 | D:5      | Reached skill level 10 in Spellcasting
  6237 | D:5      | Reached skill level 5 in Conjurations
  6379 | D:5      | Bought a potion of curing for 42 gold pieces
  6610 | D:6      | Reached XP level 9. HP: 48/48 MP: 16/25
  6668 | D:6      | Found an ornate altar of the Wu Jian Council.
  6728 | D:6      | Noticed Prince Ribbit
  6747 | D:6      | Noticed Sigmund
  6763 | D:6      | Killed Prince Ribbit
  6797 | D:6      | Killed Sigmund
  7085 | D:6      | Reached skill level 11 in Spellcasting
  7241 | D:6      | Found a shadowy altar of Dithmenos.
  7241 | D:6      | Found a bloodstained altar of Trog.
  7250 | D:6      | Reached skill level 5 in Fire Magic
  7283 | D:6      | Noticed Maggie
  7302 | D:6      | Killed Maggie
  7797 | D:3      | Killed hquester's ghost
  8172 | D:7      | Found a stormy altar of Qazlal.
  8351 | D:7      | Found a staircase to the Ecumenical Temple.
  8357 | Temple   | Entered the Ecumenical Temple
  8365 | Temple   | Became a worshipper of Vehumet
  8659 | D:7      | Reached skill level 12 in Spellcasting
  8964 | D:8      | Reached XP level 10. HP: 47/56 MP: 23/28
  9177 | D:8      | Reached * piety under Vehumet
  9177 | D:8      | Offered knowledge of Foxfire by Vehumet.
  9184 | D:8      | Learned a level 1 spell: Foxfire
  9398 | D:8      | Found a blossoming altar of Fedhas.
  9465 | D:8      | Noticed a purple ugly thing
  9480 | D:8      | Killed a purple ugly thing
  9484 | D:8      | Reached skill level 13 in Spellcasting
  9621 | D:8      | Identified the amulet "Cuedejir" {Reflect *Slow rN+ Str+3
                  | Int+3 SH+5}
  9663 | D:8      | Identified the ring "Giniful" {*Corrode Fly EV+4 Int+3}
  9688 | D:8      | HP: 2/56 [efreet/bolt of fire (19)]
 10102 | D:8      | Noticed a cyclops
 10120 | D:8      | Killed a cyclops
 10510 | D:8      | Identified the ring "Ytoasuti" {Dex+6 Slay+2}
 10514 | D:8      | Identified the ring of Unlinomo {+Blink rPois Will+ Int+6
                  | Dex+3}
 10630 | D:9      | Reached ** piety under Vehumet
 10636 | D:9      | Offered knowledge of Scorch by Vehumet.
 10753 | D:9      | Found a flagged portal.
 10776 | Bailey   | Entered a bailey
 11079 | Bailey   | Reached skill level 14 in Spellcasting
 11326 | Bailey   | Noticed an orc knight
 11349 | Bailey   | Killed an orc knight
 11377 | Bailey   | Noticed an orc knight
 11401 | Bailey   | Killed an orc knight
 11401 | Bailey   | Offered knowledge of Inner Flame by Vehumet.
 11402 | Bailey   | Reached XP level 11. HP: 62/62 MP: 25/31
 11570 | D:9      | Reached skill level 5 in Fighting
 11803 | D:9      | Reached *** piety under Vehumet
 12194 | D:9      | Reached skill level 15 in Spellcasting
 12274 | D:9      | Offered knowledge of Ignite Poison by Vehumet.
 12373 | D:9      | Noticed a cyan ugly thing
 12386 | D:9      | Killed a brown ugly thing
 12408 | D:9      | Reached skill level 10 in Conjurations
 12909 | D:10     | Entered Level 10 of the Dungeon
 12914 | D:10     | Noticed a two-headed ogre
 13071 | D:10     | Reached **** piety under Vehumet
 13332 | D:10     | Offered knowledge of Flame Wave by Vehumet.
 13441 | D:10     | Reached skill level 16 in Spellcasting
 13453 | D:10     | Noticed Grum
 13462 | D:10     | Killed Grum
 13938 | D:10     | Learned a level 4 spell: Flame Wave
 13962 | D:10     | Reached XP level 12. HP: 59/68 MP: 29/34
 13972 | D:10     | Reached ***** piety under Vehumet
 14037 | D:10     | Found a staircase to the Orcish Mines.
 14095 | D:10     | Offered knowledge of Lee's Rapid Deconstruction by Vehumet.
 14368 | D:10     | Killed a two-headed ogre
 14639 | D:10     | Found a portal to a secret trove of treasure.
 14906 | D:11     | Reached skill level 5 in Armour
 15171 | D:11     | Noticed Harold
 15187 | D:11     | Noticed a two-headed ogre
 15215 | D:11     | Killed a two-headed ogre
 15238 | D:11     | Killed Harold
 15239 | D:11     | Reached skill level 17 in Spellcasting
 15487 | D:11     | You are sucked into a shaft and drop 3 floors!
 15503 | D:14     | Noticed Nessos
 15546 | D:14     | Noticed a centaur warrior
 15669 | D:13     | Found a gate leading to a gauntlet.
 15669 | D:13     | Noticed a two-headed ogre
 15681 | Gauntlet | Entered a Gauntlet
 15681 | Gauntlet | Found a transporter.
 15681 | Gauntlet | Found a transporter.
 15887 | Gauntlet | Found a transporter.
 15894 | Gauntlet | Found a transporter.
 15898 | Gauntlet | Noticed a green death
 15912 | Gauntlet | Found a transporter.
 15925 | Gauntlet | Found a transporter.
 15941 | Gauntlet | Found a transporter.
 15945 | Gauntlet | Noticed a ghost crab
 15957 | Gauntlet | Found a transporter.
 15970 | Gauntlet | Found a transporter.
 15989 | Gauntlet | Found a transporter.
 16072 | Gauntlet | Found a transporter.
 16182 | Gauntlet | Found a transporter.
 16200 | Gauntlet | Found a transporter.
 16207 | Gauntlet | Found a transporter.
 16260 | Gauntlet | Found a transporter.
 16281 | Gauntlet | Found a transporter.
 16340 | Gauntlet | Learned a level 5 spell: Lee's Rapid Deconstruction
 16510 | Gauntlet | Reached skill level 1 in Earth Magic
 16637 | Gauntlet | Reached skill level 10 in Fire Magic
 16656 | Gauntlet | Learned a level 3 spell: Swiftness
 16770 | Gauntlet | Noticed a minotaur
 16950 | Gauntlet | Slain by a minotaur

Illustrated notes

Levels and vault maps discovered:
D:1:      minmay_arrival_three_doors, layout_loops_corners
D:2:      layout_basic, serial_shops, nicolae_shop_overgrown_old_shop,
          nicolae_shop_behind_doors, shop_fountains, nicolae_square_shop,
          minmay_hexomino_c4, uniq_crazy_yiuf_cottage
D:3:      layout_rooms, gammafunk_ghost_grave,
          dreamdust_ecumenical_altar_drowned_temple,
          amcnicky_mini_rare_corridor_liquid, minmay_misc_feat_roman,
          kennysheep_potato
D:4:      cheibrodos_old_hovel, layout_loops_corners,
          mainiacjoe_overflow_alcove_4
D:5:      layout_rooms, serial_shops, nicolae_shop_statue_plus,
          hangedman_abyss_or_decor_passed, uniq_edmund
D:6:      layout_loops_ring, nicolae_wu_jian_wuxing_cycle,
          gammafunk_temple_overflow_statue, uniq_maggie, uniq_prince_ribbit1,
          uniq_sigmund
D:7:      layout_basic, mainiacjoe_overflow_concentric_impassable,
          minmay_temple_entry_hall, chequers_serial_rivers_small_3
D:8:      minmay_the_grid_triangle_9x9_recursive_2
          [minmay_the_grid_triangle_9x9_prize_special,
          minmay_the_grid_triangle_9x9_empty,
          minmay_the_grid_triangle_9x9_flanged_cone,
          minmay_the_grid_triangle_9x9_pentomino_pain], layout_loops_ring,
          fedhas_altar_3, hangedman_decor_growths
D:9:      layout_stronghold, enter_bailey_3, kb_rosetta
D:10:     layout_irregular_city, erik_orc_4, nicolae_trove_entry_path_of_doom,
          serial_undead, serial_undead_e, serial_undead_e, serial_undead_d,
          serial_undead_e, serial_undead_d, serial_undead_a, uniq_grum
D:11:     layout_long_grid, erik_lair_orcish_takeover, uniq_harold
D:13:     layout_long_grid, hangedman_vaults_entry_quadrant_bands,
          gauntlet_entry_generic, minmay_misc_feat_encased
D:14:     layout_small_grid, tso_metal_star,
          nicolae_kikubaaqudgha_miasma_corner, uniq_nessos, uniq_jorgrun
Temple:   nicolae_temple_x_marks_the_god
Gauntlet: gammafunk_gauntlet_branching [nicolae_gauntlet_arena_x,
          gammafunk_gauntlet_arena_spirals, nicolae_gauntlet_arena_quarters,
          gammafunk_gauntlet_arena_grid, nicolae_gauntlet_arena_blocks,
          gammafunk_gauntlet_arena_chambers, gammafunk_gauntlet_arena_teeth,
          gammafunk_gauntlet_arena_open, gauntlet_exit_hidden_loot]

Skill      XL: |  1  2  3  4  5  6  7  8  9 10 11 12 |
---------------+-------------------------------------+-----
Spellcasting   | 5 6 7 8 10 12 14 16 17 | 17.7
Fighting       | 1 2 3 4 5 |  5.0
Armour         | 1 2 3 4 5 |  5.7
Conjurations   | 2 3 4 5 8 9 10 11 | 11.3
Fire Magic     | 1 2 3 4 6 7 9 10 | 10.0
Dodging        | 3 |  3.0
Air Magic      | 1 |  1.0
Stealth        | 3 |  3.1
Poison Magic   | 1 |  1.0
Evocations     | 1 |  1.0
Earth Magic    | 1 |  1.1
Summonings     | |  1.1
Translocations | |  1.1

Action                   |  1- 3 |  4- 6 |  7- 9 | 10-12 || total
-------------------------+-------+-------+-------+-------++-------
Melee: Dagger            |       |    41 |   137 |   196 ||   374
       Punch             |       |       |     2 |     2 ||     4
 Cast: Magic Dart        |    81 |    72 |   120 |    23 ||   296
       Call Imp          |     2 |       |     5 |     6 ||    13
       Mephitic Cloud    |     1 |     9 |    29 |    42 ||    81
       Conjure Flame     |     1 |     1 |    17 |    27 ||    46
       Blink             |       |       |     4 |     7 ||    11
       Foxfire           |       |       |       |   433 ||   433
       Flame Wave        |       |       |       |    16 ||    16
       Lee's Rapid Decon |       |       |       |     9 ||     9
Evoke: Wand              |       |       |       |    10 ||    10
  Use: Scroll            |       |       |    14 |     6 ||    20
 Stab: Sleeping          |       |     2 |       |       ||     2
       Confused          |       |     6 |    12 |    18 ||    36
Armor: Robe              |     2 |       |       |       ||     2
       Leather armour    |       |    12 |    38 |       ||    50
       Acid dragon scale |       |       |    33 |   103 ||   136
Dodge: Dodged            |     8 |    28 |   123 |   227 ||   386
Block: Other             |       |       |       |    70 ||    70
       Reflection        |       |       |       |     9 ||     9

Table legend: (Time is in decaauts)
 A = Elapsed time spent in this place.
 B = Non-inter-level travel time spent in this place.
 C = Inter-level travel time spent in this place.
 D = Time resting spent in this place.
 E = Time spent auto-exploring this place.
 F = Levels seen in this place.
 G = Mean time per level.
                   A        B        C        D        E       F      G
               +--------+--------+--------+--------+--------+-----+--------+
         Total |  16960 |  16368 |    592 |   2186 |  10653 |  16 | 1060.0 |
       Dungeon |  14920 |  14331 |    589 |   1665 |   9916 |  13 | 1147.7 |
        Temple |     12 |      9 |      3 |      0 |      1 |   1 |   12.0 |
        Bailey |    758 |    758 |      0 |      0 |    556 |   1 |  758.0 |
      Gauntlet |   1268 |   1268 |      0 |    521 |    180 |   1 | 1268.0 |
               +--------+--------+--------+--------+--------+-----+--------+

Top non-repeatable levels by time:
    D:10: 1963 daAuts
     D:4: 1905 daAuts
     D:8: 1767 daAuts
     D:2: 1514 daAuts
     D:9: 1363 daAuts
     D:5: 1300 daAuts
Gauntlet: 1268 daAuts
     D:7: 1194 daAuts
     D:1: 1122 daAuts
     D:3: 1116 daAuts
     D:6: 998 daAuts
  Bailey: 758 daAuts
    D:11: 479 daAuts
    D:13: 132 daAuts
    D:14: 60 daAuts
